[Event "ICC Open 2015"]
[Site "Internet Chess Club"]
[Date "2015.05.30"]
[Round "2"]
[White "Vogel"]
[Black "MoonlightWizard"]
[Result "0-1"]
[ICCResult "White checkmated"]
[WhiteElo "2209"]
[BlackElo "2912"]
[Opening "French: exchange variation"]
[ECO "C01"]
[NIC "FR.01"]
[Time "19:13:57"]
[TimeControl "180+0"]

1. e4 e6 2. d4 d5 3. exd5 exd5 4. Nf3 Nf6 5. Bd3 Bd6 6. O-O O-O 7. h3 h6 8.
Re1 c6 9. c3 Be6 10. Nbd2 Nbd7 11. Nf1 Qc7 12. Be3 Rfe8 13. Qc2 Re7 14. N1d2
Rae8 15. b4 Nh5 16. Nb3 b6 17. a4 Ndf6 18. a5 Ne4 19. axb6 axb6 20. Ra6 Nf4
21. Bf1 Bf5 22. Qb2 Bc8 23. Ra8 Qd7 24. Rea1 Qf5 25. Ne5 Bxe5 26. dxe5 Qxe5
27. Bd4 Qg5 28. Kh1 Qh5 29. Bxb6 Ng5 30. Rxc8 Rxc8 31. Bd4 Rce8 32. Be3
Nfxh3 33. gxh3 Nxh3 34. Bxh3 Qxh3+ 35. Kg1 Re6 36. Bf4 Re1+ 37. Rxe1 Rxe1#
{White checkmated}
0-1

[Event "ICC Open 2015"]
[Site "Internet Chess Club"]
[Date "2015.05.30"]
[Round "2"]
[White "Ira57"]
[Black "elshaddai"]
[Result "0-1"]
[ICCResult "White forfeits on time"]
[WhiteElo "1904"]
[BlackElo "1614"]
[Opening "Queen's pawn game"]
[ECO "D02"]
[NIC "QP.08"]
[Time "19:13:06"]
[TimeControl "180+0"]

1. d4 d5 2. Nf3 c6 3. e3 f5 4. b3 e6 5. Bb2 Nf6 6. Nbd2 Bd6 7. Bd3 Nbd7 8.
Qe2 Ne4 9. h3 Ndf6 10. Ne5 Bd7 11. O-O-O O-O 12. g4 a5 13. g5 Nxd2 14. gxf6
Nxb3+ 15. axb3 Rxf6 16. f3 a4 17. bxa4 Rxa4 18. Rdg1 Bxe5 19. dxe5 Rf7 20.
e4 fxe4 21. fxe4 d4 22. h4 Qb6 23. c4 dxc3 24. Bxc3 Ra3 25. Qc2 c5 26. Rf1
Re7 27. Rf2 Ba4 28. Qb2 Rb3 29. Qa1 Bb5 30. Rhf1 Re8 31. Bxb5 Qxb5 32. Rb2
Qxf1+ 33. Kc2 Qxa1 34. Kxb3 Qa6 35. Kc2 c4 36. Kd2 b5 {White forfeits on
time} 0-1

[Event "ICC Open 2015"]
[Site "Internet Chess Club"]
[Date "2015.05.30"]
[Round "2"]
[White "thatchessguy"]
[Black "arv"]
[Result "1-0"]
[ICCResult "Black forfeits on time"]
[WhiteElo "1835"]
[BlackElo "1397"]
[Opening "Owen defense"]
[ECO "B00"]
[NIC "VO.01"]
[Time "19:13:09"]
[TimeControl "180+0"]

1. e4 b6 2. d4 Bb7 3. f3 d5 4. e5 e6 5. f4 c5 6. Nf3 cxd4 7. Nxd4 Bc5 8. c3
Qh4+ 9. g3 Qd8 10. Bg2 Ne7 11. Be3 O-O 12. O-O Nf5 13. Nxf5 exf5 14. Bxc5
bxc5 15. Qd3 Qb6 16. Rf2 c4 17. Qxf5 Na6 18. Nd2 Qxb2 19. Rb1 Qxc3 20. Rxb7
Qc1+ 21. Bf1 Nc5 22. Rb1 Qa3 23. Nf3 Ne4 24. Rfb2 c3 25. Rc2 Qc5+ 26. Kg2 d4
27. Qxe4 Rab8 28. Rxb8 Rxb8 29. e6 {Black forfeits on time} 1-0

[Event "ICC Open 2015"]
[Site "Internet Chess Club"]
[Date "2015.05.30"]
[Round "2"]
[White "Machinegun"]
[Black "Osya"]
[Result "0-1"]
[ICCResult "White checkmated"]
[WhiteElo "2441"]
[BlackElo "1866"]
[Opening "two knights defense: Colman variation"]
[ECO "C58"]
[NIC "KP.01"]
[Time "19:12:50"]
[TimeControl "180+0"]

1. e4 e5 2. Nf3 Nc6 3. Bc4 Nf6 4. Ng5 d5 5. exd5 Na5 6. Bb5+ c6 7. dxc6 bxc6
8. Qf3 Rb8 9. Ba4 Rb4 10. Nc3 h6 11. Nh3 Bd6 12. a3 Rd4 13. d3 Bg4 14. Qe3
Nd5 15. Nxd5 Rxa4 16. Nc3 Rd4 17. b4 Nb7 18. Bb2 Bxh3 19. Qxh3 Rf4 20. g3
Rf6 21. Ne4 Rg6 22. O-O O-O 23. Qf5 Bb8 24. Qxe5 Bxe5 25. Bxe5 c5 26. bxc5
Qd5 27. Bf4 Nxc5 28. c4 Qc6 29. Nxc5 Qxc5 30. Be3 Qa5 31. d4 Rd8 32. d5 Rg4
33. Rac1 Qxa3 34. Rfd1 Qb3 35. d6 Rxc4 36. Rb1 Qa4 37. Ra1 Qb4 38. d7 a5 39.
Bd2 Qb7 40. Bxa5 Rxd7 41. Rdb1 Qc6 42. Be1 g6 43. h4 Kg7 44. Kh2 Qd6 45. Kg1
Qd5 46. Ra3 Re7 47. Bc3+ Kh7 48. Bf6 Re2 49. Ra8 Qxa8 50. Kf1 Rcc2 51. Kg1
Qf3 52. Bd4 Rxf2 53. Bxf2 Qxf2+ 54. Kh1 Qg2# {White checkmated} 0-1

[Event "ICC Open 2015"]
[Site "Internet Chess Club"]
[Date "2015.05.30"]
[Round "2"]
[White "playwaycool"]
[Black "BlackHorse96"]
[Result "0-1"]
[ICCResult "White resigns"]
[WhiteElo "2357"]
[BlackElo "3258"]
[Opening "Trompowsky attack (Ruth, Opocenský opening)"]
[ECO "A45"]
[NIC "QP.07"]
[Time "19:13:34"]
[TimeControl "180+0"]

1. d4 Nf6 2. Bg5 e6 3. e4 h6 4. Bxf6 Qxf6 5. c3 d6 6. Bd3 Nd7 7. Ne2 e5 8.
O-O Qd8 9. f4 Be7 10. Nd2 O-O 11. Nf3 c6 12. Kh1 Qc7 13. Rc1 Re8 14. f5 Bf6
15. g4 Nf8 16. h4 Qd8 17. Qe1 Nh7 18. Rg1 d5 19. dxe5 Bxe5 20. Nxe5 Rxe5 21.
Qg3 Qe7 22. exd5 Re3 23. d6 Qe8 24. Qf2 Rxd3 25. Ng3 Rxd6 26. Rge1 Qd8 27.
Rc2 Qxh4+ 28. Kg2 Nf6 29. Qf4 Rd8 30. Qc7 Nxg4 31. Rh1 Qg5 32. Rh5 Rd2+ 33.
Kh3 Nf2+ 34. Kg2 Ne4+ 35. Kf3 Rd3+ 36. Ke2 Qe3+ 37. Kf1 Nxg3+ 38. Kg2 Qe4+
39. Kf2 Bxf5 {White resigns} 0-1

[Event "ICC Open 2015"]
[Site "Internet Chess Club"]
[Date "2015.05.30"]
[Round "2"]
[White "AntiKiller"]
[Black "Caminator"]
[Result "1-0"]
[ICCResult "Black resigns"]
[WhiteElo "2823"]
[BlackElo "2124"]
[Opening "Queen's pawn, Mason variation"]
[ECO "D00"]
[NIC "QP.08"]
[Time "19:14:21"]
[TimeControl "180+0"]

1. d4 d5 2. Bf4 Nf6 3. e3 c6 4. c3 Bf5 5. Qb3 Qb6 6. Nd2 e6 7. h3 Nbd7 8.
Ngf3 h6 9. Be2 Be7 10. Ne5 O-O 11. O-O Nxe5 12. Bxe5 Nd7 13. Bg3 Qxb3 14.
axb3 a6 15. b4 Rac8 16. Nb3 Bd8 17. Rfe1 Re8 18. Nd2 e5 19. Nf3 exd4 20.
exd4 Be4 21. Nd2 Bg6 22. Bg4 Rxe1+ 23. Rxe1 f5 24. Be2 Kf7 25. Nf3 Bc7 26.
Bxc7 Rxc7 27. Bd3 Rc8 28. Ne5+ Nxe5 29. Rxe5 Re8 30. f4 Rxe5 31. fxe5 Ke6
32. g3 Be8 33. Kf2 g5 34. h4 b5 35. Ke3 Bh5 36. Bf1 Bg4 37. Kf2 Ke7 38. Bd3
Ke6 39. Bc2 Ke7 40. Bb3 Ke6 41. Ba2 Ke7 42. Bb1 Ke6 43. Kg1 Ke7 44. Kh2 Ke6
45. hxg5 hxg5 46. Bd3 Ke7 47. Kg2 Ke6 48. Kf2 Ke7 49. Bf1 Ke6 50. Ke3 Ke7
51. Kd2 Ke6 52. Kc2 Bf3 53. Kd2 Be4 54. Be2 Bg2 55. Bh5 Bh3 56. Be8 f4 57.
gxf4 gxf4 58. Bxc6 Bg2 59. Ke1 Be4 60. Bb7 Bd3 61. Bxa6 f3 62. Kf2 Be2 63.
Bc8+ Ke7 64. Bg4 {Black resigns} 1-0

[Event "ICC Open 2015"]
[Site "Internet Chess Club"]
[Date "2015.05.30"]
[Round "2"]
[White "skibum1313"]
[Black "Ancient"]
[Result "0-1"]
[ICCResult "White resigns"]
[WhiteElo "1502"]
[BlackElo "2129"]
[Opening "Queen's pawn"]
[ECO "A40"]
[NIC "QO.17"]
[Time "19:13:36"]
[TimeControl "180+0"]

1. d4 e6 2. Nf3 d5 3. Bg5 Be7 4. Bxe7 Qxe7 5. c3 Nf6 6. e3 Nc6 7. Nbd2 O-O
8. g3 e5 9. dxe5 Nxe5 10. Nxe5 Qxe5 11. Bg2 Bf5 12. O-O c6 13. Nf3 Qc7 14.
Rc1 Rad8 15. a3 a5 16. b4 axb4 17. axb4 Qb6 18. Nd4 Be4 19. Bxe4 Nxe4 20.
Qc2 Rd6 21. Rb1 Rh6 22. c4 Qd8 23. cxd5 cxd5 24. Rbd1 Qd7 25. f3 Nd6 26. Rc1
Nc4 27. Qf2 Re8 28. Rfe1 Rg6 29. Nc2 b5 30. Nd4 h5 31. e4 dxe4 32. Rxe4 Rxe4
33. fxe4 h4 34. Rc3 Rf6 35. Qe3 Nxe3 36. Rxe3 Qxd4 37. gxh4 Qxe3+
{White resigns}
0-1

[Event "ICC Open 2015"]
[Site "Internet Chess Club"]
[Date "2015.05.30"]
[Round "2"]
[White "Qualm"]
[Black "sahilmd"]
[Result "1/2-1/2"]
[ICCResult "Game drawn by repetition"]
[WhiteElo "1693"]
[BlackElo "2065"]
[Opening "French: exchange variation"]
[ECO "C01"]
[NIC "FR.01"]
[Time "19:13:37"]
[TimeControl "180+0"]

1. e4 e6 2. d4 d5 3. exd5 exd5 4. Nf3 Nf6 5. Bd3 Be7 6. O-O O-O 7. c4 c6 8.
cxd5 cxd5 9. Nc3 Nc6 10. a3 Bg4 11. h3 Bxf3 12. Qxf3 Nxd4 13. Qd1 Nc6 14.
Bg5 h6 15. Bh4 d4 16. Ne2 Qd5 17. Bg3 Rfe8 18. Rc1 Rac8 19. Bc4 Qd7 20. Nf4
Ne5 21. Ba2 Rxc1 22. Qxc1 Rc8 23. Qd1 d3 24. Re1 Qd4 25. Nxd3 Qxd3 26. Bxe5
Qxd1 27. Rxd1 Rc2 28. Bb3 Re2 29. Bd4 b6 30. Kf1 Re4 31. Bc3 a5 32. Re1 Bc5
33. Bxf6 Rxe1+ 34. Kxe1 gxf6 35. Bc4 Kg7 36. a4 f5 37. b3 Kf6 38. Ke2 h5 39.
f3 f4 40. Bb5 Kg5 41. Bc4 f6 42. Be6 Kh4 43. Kf1 Kg3 44. Bf7 Kh4 45. Be8 Kg5
46. Bf7 h4 47. Ke2 Kf5 48. Kd3 Ke5 49. Bg8 Bd4 50. Bc4 Bc5 51. Bb5 Bd4 52.
Bc4 Bc5 53. Bb5 Bd4 54. Bc4 {Game drawn by repetition} 1/2-1/2

[Event "ICC Open 2015"]
[Site "Internet Chess Club"]
[Date "2015.05.30"]
[Round "2"]
[White "paulmagriel"]
[Black "Dictator"]
[Result "0-1"]
[ICCResult "White checkmated"]
[WhiteElo "2032"]
[BlackElo "2607"]
[Opening "King's Indian defense"]
[ECO "E60"]
[NIC "KI.80"]
[Time "19:12:57"]
[TimeControl "180+0"]

1. d4 Nf6 2. c4 g6 3. f3 Nc6 4. d5 Ne5 5. e4 d6 6. Nc3 Bg7 7. Be3 O-O 8. Qd2
e6 9. O-O-O exd5 10. cxd5 a6 11. Bh6 b5 12. h4 b4 13. Nb1 c6 14. h5 cxd5 15.
Bxg7 Kxg7 16. Qxb4 Be6 17. hxg6 fxg6 18. exd5 Rc8+ 19. Nc3 Nxd5 20. Qd4 Rf4
21. Qd2 Qa5 22. Ne2 Qxa2 23. Qc2 Rb4 24. Qd2 Qa1+ 25. Kc2 Rxb2#
{White checkmated}
0-1

[Event "ICC Open 2015"]
[Site "Internet Chess Club"]
[Date "2015.05.30"]
[Round "2"]
[White "penguingm1"]
[Black "Sjelan"]
[Result "1-0"]
[ICCResult "Black forfeits on time"]
[WhiteElo "2830"]
[BlackElo "2170"]
[Opening "QGD: exchange, positional line, 5...c6"]
[ECO "D35"]
[NIC "QO.16"]
[Time "19:12:59"]
[TimeControl "180+0"]

1. d4 d5 2. c4 e6 3. Nc3 Nf6 4. cxd5 exd5 5. Bg5 c6 6. e3 Be7 7. Bd3 Nbd7 8.
Qc2 h6 9. Bh4 b6 10. Nf3 Bb7 11. O-O O-O 12. Ne5 Nxe5 13. dxe5 Nd7 14. Bg3
Nc5 15. Bf5 Bc8 16. Rac1 Bxf5 17. Qxf5 Qc8 18. Qf3 a5 19. Rfd1 Qe6 20. Ne2
Rac8 21. Nd4 Qg6 22. h4 h5 23. Nf5 Rfe8 24. Rd4 Bf8 25. Rc2 Ne6 26. Rd1 Red8
27. Rdc1 c5 28. Rd1 d4 29. exd4 cxd4 30. Rxc8 Rxc8 31. Nxd4 Nxd4 32. Rxd4
Rc1+ 33. Kh2 Qb1 34. Bf4 Rh1+ 35. Kg3 Qf5 36. Rd8 g5 37. Bxg5 Qxe5+ 38. Qf4
Qxf4+ 39. Bxf4 Kg7 40. Bh6+ Kxh6 41. Rxf8 Rb1 42. b3 Kg7 43. Rb8 Rb2 44.
Rxb6 Rxa2 45. Rb5 Ra3 46. f3 Kg6 47. Kf4 f6 48. g4 hxg4 49. fxg4 a4 50. h5+
Kg7 51. bxa4 Rxa4+ 52. Kf5 Ra1 53. Rb7+ Kh6 54. Kxf6 Rf1+ 55. Ke5 Kg5 56.
Rg7+ Kh6 57. Rg6+ Kh7 58. g5 Kh8 59. h6 Re1+ 60. Kf5 Rf1+ 61. Ke4 Kh7 62.
Rg7+ Kh8 63. Ra7 {Black forfeits on time} 1-0

[Event "ICC Open 2015"]
[Site "Internet Chess Club"]
[Date "2015.05.30"]
[Round "2"]
[White "kava"]
[Black "Werewolf"]
[Result "1-0"]
[ICCResult "Black resigns"]
[WhiteElo "2910"]
[BlackElo "2212"]
[Opening "QGA, 4.e3"]
[ECO "D25"]
[NIC "QG.08"]
[Time "19:13:38"]
[TimeControl "180+0"]

1. Nf3 d5 2. d4 Nf6 3. c4 dxc4 4. e3 a6 5. a4 c5 6. Bxc4 cxd4 7. exd4 Nc6 8.
d5 Na5 9. Ba2 Bg4 10. O-O g6 11. Nc3 b6 12. Re1 Bg7 13. Bf4 Nb7 14. d6 e6
15. h3 Bxf3 16. Qxf3 Nc5 17. d7+ Ncxd7 18. Bd6 Bf8 19. Bxe6 Bxd6 20. Bd5+
Ne5 21. Bxa8 O-O 22. Qd1 Nh5 23. Bf3 Nf4 24. Ne4 Nxf3+ 25. Qxf3 Bb8 26. Rad1
Qc7 27. g3 Nxh3+ 28. Kg2 f5 29. Qb3+ Kg7 30. Qc3+ Kg8 31. Qxc7 Bxc7 32. Rd7
fxe4 33. Kxh3 Be5 34. b4 Rxf2 35. Rxe4 Bg7 36. Re8+ Bf8 37. Rb8 Rf6 38. b5
axb5 39. axb5 h5 40. Rdb7 Rf5 41. Rxb6 Kg7 42. Rc6 Bb4 43. Rc4 Be1 44. Re8
Bf2 45. Rf4 Rxf4 46. gxf4 Kf6 47. Rc8 Kf5 48. Rc6 Bd4 49. b6 Bxb6 50. Rxb6
g5 51. fxg5 Kxg5 52. Rb5+ {Black resigns} 1-0

[Event "ICC Open 2015"]
[Site "Internet Chess Club"]
[Date "2015.05.30"]
[Round "2"]
[White "HaraldEskilstu"]
[Black "manitodeplomo"]
[Result "0-1"]
[ICCResult "White resigns"]
[WhiteElo "2036"]
[BlackElo "2644"]
[Opening "Robatsch defense"]
[ECO "B06"]
[NIC "KF.05"]
[Time "19:14:06"]
[TimeControl "180+0"]

1. e4 g6 2. d4 Bg7 3. Nc3 c5 4. d5 d6 5. a4 Nf6 6. Be2 O-O 7. Nf3 Na6 8. O-O
Nc7 9. Nd2 b6 10. Nc4 Ba6 11. Na3 Bxe2 12. Qxe2 a6 13. Bf4 Rb8 14. Nc4 Qd7
15. h3 b5 16. Na5 b4 17. Nb1 e6 18. Nd2 exd5 19. exd5 Nfxd5 20. Bg3 Bxb2 21.
Qf3 Bxa1 22. Rxa1 Rbe8 23. Ne4 Re6 24. Rd1 Rfe8 25. Ng5 Re1+ 26. Rxe1 Rxe1+
27. Kh2 Qf5 28. Qxf5 gxf5 29. Bxd6 Re2 30. Nc6 Rxc2 {White resigns} 0-1

[Event "ICC Open 2015"]
[Site "Internet Chess Club"]
[Date "2015.05.30"]
[Round "2"]
[White "DroolingBaby"]
[Black "yellow"]
[Result "0-1"]
[ICCResult "White forfeits on time"]
[WhiteElo "2136"]
[BlackElo "1549"]
[Opening "Queen's gambit declined"]
[ECO "D30"]
[NIC "QO.17"]
[Time "19:13:26"]
[TimeControl "180+0"]

1. d4 e6 2. c4 d5 3. Nf3 c5 4. cxd5 cxd4 5. Qxd4 Qxd5 6. Qxd5 exd5 7. Nc3
Nf6 8. Bg5 Bb4 9. Bxf6 gxf6 10. O-O-O Bxc3 11. bxc3 Be6 12. e3 Nc6 13. Bb5
Rg8 14. Rhg1 Rc8 15. Kb2 Ke7 16. Nd4 Bd7 17. f3 a6 18. Bd3 Ne5 19. Be2 Nc6
20. g4 Nxd4 21. cxd4 Rc7 22. Rc1 Rgc8 23. Rxc7 Rxc7 24. Bd3 h6 25. h4 Kd6
26. g5 fxg5 27. hxg5 hxg5 28. Rxg5 f6 29. Rg6 Ke7 30. Rg7+ Kf8 31. Rh7 Kg8
32. Be4 dxe4 33. Rh4 exf3 34. Rg4+ Bxg4 {White forfeits on time} 0-1

[Event "ICC Open 2015"]
[Site "Internet Chess Club"]
[Date "2015.05.30"]
[Round "2"]
[White "pierredams"]
[Black "bigali"]
[Result "1-0"]
[ICCResult "Black forfeits on time"]
[WhiteElo "1998"]
[BlackElo "1659"]
[Opening "Scotch game"]
[ECO "C45"]
[NIC "SO.04"]
[Time "19:13:59"]
[TimeControl "180+0"]

1. e4 Nc6 2. d4 e5 3. Nf3 exd4 4. Nxd4 Nxd4 5. Qxd4 d6 6. Nc3 Nf6 7. Bc4 Be7
8. O-O O-O 9. Re1 Be6 10. Bg5 Bxc4 11. Qxc4 h6 12. Bh4 Qd7 13. Rad1 Qg4 14.
Bg3 Nh5 15. Qxc7 Nxg3 16. hxg3 Bf6 17. Nd5 Be5 18. c3 Rab8 19. Ne7+ Kh7 20.
Nf5 g6 21. Ne7 Qe6 22. Nd5 Rfc8 23. Qa5 a6 24. Qa4 Rc5 25. Qc2 Rbc8 26. Qe2
b5 27. g4 b4 28. cxb4 Rc2 29. Rd2 Rc1 30. f3 Rxe1+ 31. Qxe1 Qd7 32. f4 Bf6
33. Nxf6+ {Black forfeits on time} 1-0

[Event "ICC Open 2015"]
[Site "Internet Chess Club"]
[Date "2015.05.30"]
[Round "2"]
[White "QuintilianoR"]
[Black "eltigrecu"]
[Result "1-0"]
[ICCResult "Black checkmated"]
[WhiteElo "2543"]
[BlackElo "2016"]
[Opening "QGD Slav defense: exchange variation"]
[ECO "D10"]
[NIC "SL.01"]
[Time "19:12:57"]
[TimeControl "180+0"]

1. d4 d5 2. c4 c6 3. cxd5 cxd5 4. Bf4 Nc6 5. e3 Bf5 6. Nc3 e6 7. Nf3 a6 8.
Ne5 Nxe5 9. Bxe5 Nf6 10. h3 Bd6 11. Bxd6 Qxd6 12. Be2 O-O 13. O-O Rad8 14.
Qb3 b5 15. a4 b4 16. Na2 a5 17. Rac1 Rc8 18. Rxc8 Rxc8 19. Rc1 Rxc1+ 20.
Nxc1 Qc7 21. Qd1 Ne4 22. Nb3 h6 23. Bd3 Nd6 24. Bxf5 Nxf5 25. Qd3 Nd6 26.
Nc5 Nc4 27. b3 Nb6 28. Qb5 Nc8 29. Qb7 Qd8 30. Qa8 Qc7 31. Qb7 Qd8 32. Qb8
Kh7 33. Nb7 Qd7 34. Nxa5 Nd6 35. Qxb4 Ne4 36. Qb8 Qe7 37. b4 Qh4 38. Qf4 Qe7
39. Nc6 Qb7 40. b5 g5 41. Qb8 Qd7 42. Qd8 Qb7 43. f3 Ng3 44. Ne7 Kg7 45. Nc6
Nf5 46. Qb8 Qd7 47. g4 Nxe3 48. Qe5+ f6 49. Qxe3 Qd6 50. Qb3 Qg3+ 51. Kf1
Qxh3+ 52. Ke2 Qg2+ 53. Ke3 Qg1+ 54. Kd3 Qf1+ 55. Kc2 Qe2+ 56. Kc3 Qxf3+ 57.
Kb2 Qe2+ 58. Ka3 Qxg4 59. a5 Qg1 60. b6 Qa1+ 61. Kb4 Qe1+ 62. Kb5 Qe2+ 63.
Kc5 Qa6 64. b7 Qc4+ 65. Qxc4 dxc4 66. Kxc4 f5 67. b8=Q Kg6 68. Qe5 Kh5 69.
Qxe6 f4 70. Qh3+ Kg6 71. Ne5+ Kf6 72. Qxh6+ Kf5 73. Qh7+ Kf6 74. Qg6+ Ke7
75. Qf7+ Kd6 76. Qd7# {Black checkmated} 1-0

[Event "ICC Open 2015"]
[Site "Internet Chess Club"]
[Date "2015.05.30"]
[Round "2"]
[White "jojowang"]
[Black "nadalthegreat"]
[Result "0-1"]
[ICCResult "White resigns"]
[WhiteElo "1343"]
[BlackElo "1839"]
[Opening "Evans gambit declined"]
[ECO "C51"]
[NIC "IG.05"]
[Time "19:13:50"]
[TimeControl "180+0"]

1. e4 e5 2. Nf3 Nc6 3. Bc4 Bc5 4. b4 Bb6 5. b5 Nd4 6. Nxe5 Nh6 7. c3 Ne6 8.
d4 d6 9. Nf3 O-O 10. O-O Ng4 11. h3 Nf6 12. Re1 Re8 13. a4 d5 14. exd5 Nxd5
15. Qb3 c6 16. bxc6 bxc6 17. a5 Bc7 18. Ba3 Rb8 19. Qa4 Bxa5 20. Qxc6 Nxc3
21. Bxe6 Bxe6 22. Bd6 Rc8 23. Qa6 Nxb1 24. Raxb1 Bxe1 25. Rxe1 Bc4 26. Rxe8+
Qxe8 27. Qa3 Qe2 28. Ne5 Be6 29. Kh2 Qxf2 30. Bf8 Rxf8 {White resigns} 0-1

[Event "ICC Open 2015"]
[Site "Internet Chess Club"]
[Date "2015.05.30"]
[Round "2"]
[White "Womacka"]
[Black "hejajw"]
[Result "0-1"]
[ICCResult "White forfeits on time"]
[WhiteElo "2475"]
[BlackElo "2793"]
[Opening "Sicilian: classical"]
[ECO "B58"]
[NIC "SI.25"]
[Time "19:12:55"]
[TimeControl "180+0"]

1. e4 c5 2. Nf3 Nc6 3. d4 cxd4 4. Nxd4 Nf6 5. Nc3 d6 6. Be2 Bd7 7. O-O Rc8
8. Be3 a6 9. f4 e5 10. fxe5 dxe5 11. Nf5 Bxf5 12. Rxf5 Qxd1+ 13. Rxd1 Be7
14. Bd3 O-O 15. Nd5 Bd8 16. h3 Re8 17. Bc4 b5 18. Bb3 Nd4 19. Rf2 Nxe4 20.
Rff1 Nxc2 21. Bb6 Bxb6+ 22. Nxb6 Rc7 23. Nd5 Rc5 24. Ne7+ Kh8 25. Bxf7 Rb8
26. Bd5 Nf6 27. Rc1 Nxd5 28. Nxd5 Rxd5 29. Rxc2 Rbd8 30. Rc6 a5 31. Rf7 h6
32. Rcc7 Rg8 33. Rfe7 b4 34. Kf2 Kh7 35. Ke3 a4 36. Rb7 Rd4 37. Rxe5 Rc4 38.
Reb5 b3 39. Rb4 bxa2 40. Rxc4 a1=Q 41. Rcc7 Qg1+ 42. Kf3 Qf1+ 43. Kg3 Qe1+
44. Kh2 Qe5+ 45. Kh1 h5 46. Re7 Qf6 47. Kh2 Rc8 48. Rf7 Qg6 49. Kg1 Rc1+ 50.
Kf2 Rc2+ 51. Ke3 Rxg2 52. Kd4 Rg3 53. Kc5 Rxh3 54. Kb5 Rh4 55. Ka5 Rf4 56.
Rb5 Rxf7 57. Kb4 Rb7 {White forfeits on time} 0-1

[Event "ICC Open 2015"]
[Site "Internet Chess Club"]
[Date "2015.05.30"]
[Round "2"]
[White "bythebook"]
[Black "nevidimka"]
[Result "0-1"]
[ICCResult "White forfeits on time"]
[WhiteElo "1642"]
[BlackElo "1995"]
[Opening "Petrov: Cochrane gambit"]
[ECO "C42"]
[NIC "RG.03"]
[Time "19:14:05"]
[TimeControl "180+0"]

1. e4 e5 2. Nf3 Nf6 3. Nxe5 d6 4. Nxf7 Kxf7 5. Bc4+ Be6 6. Bxe6+ Kxe6 7. O-O
c5 8. c3 Qb6 9. d4 Kf7 10. Qf3 Qc6 11. Re1 Nd7 12. Nd2 Be7 13. Qf4 Kg8 14.
e5 dxe5 15. dxe5 Nd5 16. Qg3 Qe6 17. Nf3 h5 18. h3 h4 19. Qh2 Rh5 20. c4 Nb4
21. Re2 Rf8 22. Bd2 Nc6 23. Rae1 Rhf5 24. Bc3 Nb6 25. b3 Nd7 26. Re4 a6
{White forfeits on time}
0-1

[Event "ICC Open 2015"]
[Site "Internet Chess Club"]
[Date "2015.05.30"]
[Round "2"]
[White "ncc-1701"]
[Black "Psycho-Cowboy"]
[Result "0-1"]
[ICCResult "White forfeits on time"]
[WhiteElo "2009"]
[BlackElo "2537"]
[Opening "Queen's pawn: Keres defense"]
[ECO "A40"]
[NIC "QO.17"]
[Time "19:13:03"]
[TimeControl "180+0"]

1. d4 e6 2. c4 b6 3. Nc3 Bb7 4. Nf3 Bb4 5. a3 Bxc3+ 6. bxc3 f5 7. Bf4 Nf6 8.
e3 O-O 9. Bd3 d6 10. O-O Nbd7 11. Bg5 Qe8 12. Bxf6 Nxf6 13. Qe2 Ne4 14. Bxe4
Bxe4 15. Nd2 Bc6 16. f3 e5 17. d5 Ba4 18. Rab1 Kh8 19. Qd3 a5 20. f4 Qe7 21.
e4 exf4 22. exf5 Qe5 23. Rbe1 Qxf5 24. Qxf5 Rxf5 25. Re7 Rc8 26. Ne4 h6 27.
Ng3 Rff8 28. Nh5 f3 29. Nxg7 fxg2 30. Rxf8+ Rxf8 31. Ne6 Rg8 32. Rxc7 Bc2
33. Nf4 Be4 34. Rf7 Re8 35. Nxg2 Rg8 36. Rf2 Rg4 37. Kf1 Bxg2+ 38. Rxg2 Rxc4
39. Rg3 Kh7 40. Re3 Rc5 41. Rd3 Kg6 42. Kf2 Kf5 43. Kf3 Ke5 44. Kg4 Rxd5 45.
Re3+ Kf6 46. Rf3+ Kg6 47. Re3 Kf7 48. Rf3+ Ke6 49. Re3+ Re5 50. Rd3 d5 51.
h4 b5 52. Kf4 Re4+ 53. Kf3 Ke5 54. h5 a4 55. Kg3 Re2 56. Rf3 Re4
{White forfeits on time}
0-1

[Event "ICC Open 2015"]
[Site "Internet Chess Club"]
[Date "2015.05.30"]
[Round "2"]
[White "postmortem"]
[Black "Moritex"]
[Result "1-0"]
[ICCResult "Black forfeits on time"]
[WhiteElo "2064"]
[BlackElo "1764"]
[Opening "KP: Nimzovich defense"]
[ECO "B00"]
[NIC "VO.05"]
[Time "19:14:01"]
[TimeControl "180+0"]

1. e4 Nc6 2. Nf3 d5 3. exd5 Qxd5 4. Nc3 Qd6 5. d4 Nf6 6. Bb5 Bg4 7. d5 O-O-O
8. dxc6 Qxd1+ 9. Nxd1 bxc6 10. Ba6+ Kb8 11. Ne3 Bxf3 12. gxf3 Nd5 13. Nxd5
cxd5 14. Be3 e6 15. O-O-O c5 16. f4 Kc7 17. Be2 Bd6 18. f5 d4 19. Bd2 exf5
20. Bf3 g6 21. Ba5+ Kd7 22. Bxd8 Rxd8 23. c3 Be5 24. cxd4 Bxd4 25. Rd2 Kc7
26. Rhd1 Rb8 27. b3 a5 28. Bd5 f6 29. Re2 Be5 30. h3 Rb4 31. Bc4 Rb6 32. a4
Bf4+ 33. Kc2 Be5 34. Rd5 Rd6 35. Rxd6 Kxd6 36. Rd2+ Bd4 37. f4 Ke7 38. Kd3
h5 39. Re2+ Kf8 40. Be6 Kg7 41. Kc4 {Black forfeits on time} 1-0

[Event "ICC Open 2015"]
[Site "Internet Chess Club"]
[Date "2015.05.30"]
[Round "2"]
[White "nowornever"]
[Black "Cristhian-ator"]
[Result "0-1"]
[ICCResult "White forfeits on time"]
[WhiteElo "2014"]
[BlackElo "2544"]
[Opening "Nimzovich-Larsen attack: Indian variation"]
[ECO "A01"]
[NIC "VO.08"]
[Time "19:13:19"]
[TimeControl "180+0"]

1. b3 Nf6 2. Bb2 g6 3. Bxf6 exf6 4. c4 Bg7 5. Nc3 O-O 6. e3 f5 7. g3 d6 8.
Bg2 Nd7 9. Nge2 Nf6 10. O-O Ne4 11. Qc2 Nxc3 12. Nxc3 c6 13. d4 h5 14. b4 h4
15. b5 Bd7 16. a4 Rc8 17. Qb3 hxg3 18. hxg3 Bf6 19. a5 Be6 20. a6 cxb5 21.
axb7 Rxc4 22. Nxb5 Qb6 23. d5 Rc3 24. Qxc3 Bxc3 25. dxe6 Bxa1 26. Rxa1 Qxb5
27. Rxa7 fxe6 28. Ra8 d5 29. Bf1 Qxb7 30. Ra6 Kf7 31. Kg2 Rc8 32. Ra4 Qb2
33. Ba6 Rc2 34. Rf4 g5 35. Bd3 gxf4 36. gxf4 Rxf2+ 37. Kg3 Rg2+ 38. Kh4 Rg4+
{White forfeits on time}
0-1

[Event "ICC Open 2015"]
[Site "Internet Chess Club"]
[Date "2015.05.30"]
[Round "2"]
[White "Kyekerz"]
[Black "Yummyhat"]
[Result "0-1"]
[ICCResult "White forfeits on time"]
[WhiteElo "1261"]
[BlackElo "1790"]
[Opening "Sicilian: Pelikan (Lasker/Sveshnikov) variation"]
[ECO "B33"]
[NIC "SI.35"]
[Time "19:13:43"]
[TimeControl "180+0"]

1. e4 c5 2. Nf3 Nc6 3. d4 cxd4 4. Nxd4 Nf6 5. Nc3 e5 6. Nf3 Bb4 7. Bd3 O-O
8. Bd2 d5 9. exd5 Nxd5 10. Nxd5 Bxd2+ 11. Qxd2 Be6 12. Nc3 g6 13. Qh6 Nb4
14. O-O-O Qf6 15. Ng5 Qg7 16. Qxg7+ Kxg7 17. Rhe1 Bg4 18. f3 Bd7 19. Rxe5
Bc6 20. Re7 Rad8 21. Bc4 Rxd1+ 22. Kxd1 Kf6 23. Rxf7+ Rxf7 24. Nxf7 b5 25.
Bxb5 Bxb5 26. Nxb5 Kxf7 27. Nxa7 Nxa2 28. c3 Ke6 29. Kc2 Kd5 30. Kb1 Nxc3+
31. bxc3 Kc4 32. Kc2 h6 33. Kd2 Kd5 34. Nb5 Kc5 35. Na3 Kd6 36. Kd3 Ke5 37.
c4 Kd6 38. Kd4 Kc6 39. Ke5 Kd7 40. c5 Ke7 41. Kd5 Kd7 42. Nb5 Ke7 43. Kc6
Kd8 44. Kb7 Ke7 45. c6 Ke6 46. c7 Kf5 47. c8=Q+ Kf4 48. Qc4+ Kg5 49. Nd6 Kf6
50. Qd4+ Ke7 51. Qf4 g5 52. Qf7+ Kxd6 53. Qc7+ Ke6 54. Qc6+ Kf7 55. Kc7 Kg7
56. Qd6 Kf7 57. Kd7 Kg7 58. Qe6 h5 {White forfeits on time} 0-1